 Dungeon Crawl Stone Soup version 0.30-a0-241-g1121274140 (webtiles) character file.

Game seed: 2132191958307174843

163 droid the Trooper (level 5, -1/42 HPs)
             Began as a Human Fighter on Oct 11, 2022.
             Killed by nerve-wracking pain
             ... invoked by Grinder
              (13 damage)
             ... while paralysed by Grinder
             ... on level 3 of the Dungeon.
             The game lasted 00:03:32 (2873 turns).

droid the Trooper (Human Fighter)                   Turns: 2873, Time: 00:03:33

Health: -1/42      AC: 10    Str: 18    XL:     5   Next: 73%
Magic:  5/5        EV:  2    Int:  8    God:
Gold:   149        SH:  0    Dex: 13    Spells: 4/4 levels left

rFire   . . .      SeeInvis .    a - +0 long sword
rCold   + . .      Faith    .    c - +0 buckler
rNeg    . . .      Spirit   .    m - +0 chain mail
rPois   .          Reflect  .    n - +0 helmet
rElec   .          Harm     .    (no cloak)
rCorr   .          Rampage  .    (no gloves)
Will    .....                    (no boots)
Stlth   ..........               (no amulet)
HPRegen 0.27/turn                e - ring of protection from cold
MPRegen 0.09/turn                (no ring)

@: paralysed
A: no striking features
a: no special abilities


You were on level 3 of the Dungeon.
You visited 1 branch of the dungeon, and saw 3 of its levels.

You collected 149 gold pieces.

Inventory:

Hand Weapons
 a - a +0 long sword (weapon)
Armour
 c - a +0 buckler (worn)
 m - a +0 chain mail (worn)
 n - a +0 helmet (worn)
Jewellery
 e - a ring of protection from cold (left hand)
 j - a ring of fire
Scrolls
 b - a scroll of silence {unknown}
 f - 2 scrolls of blinking
 g - a scroll of butterflies
 h - a scroll of noise {unknown}
 k - a scroll of poison {unknown}
 l - a scroll of magic mapping {unknown}
 p - a scroll of teleportation {unknown}
Potions
 d - a potion of might
 i - 2 potions of heal wounds {unknown}
 o - 2 potions of degeneration {unknown}


   Skills:
 + Level 3.9 Fighting
 + Level 3.9 Long Blades
 + Level 3.6 Armour
 + Level 0.7 Dodging
 + Level 3.3 Shields


You had 4 spell levels left.
You didn't know any spells.
Your spell library contained the following spells:

 Spells                   Type           Power      Damage    Failure   Level
 Passage of Golubria      Tloc           0%         N/A       100%        4
 Silence                  Hex/Air        0%         N/A       100%        5
 Lehudib's Crystal Spear  Conj/Erth      0%         10d2      100%        8


Dungeon Overview and Level Annotations

Branches:
Dungeon (3/15)

Altars:

Annotations:
D:3 Grinder


Message History

There is a stone staircase leading down, spattered with blood here.
You start resting.
HP restored.
You climb downwards.
Level annotation: Grinder Grinder says, "Don't move a muscle."
Grinder blinks!
You block Grinder's attack.
There is a stone staircase leading up here.
Things that are here:
a +0 dagger; a +0 dagger You slash Grinder!
Grinder is heavily wounded.
Grinder hits you but does no damage.
You hit Grinder.
Grinder is severely wounded.
Grinder hits you.
You writhe in agony.
You completely miss Grinder.
Grinder is severely wounded.
Grinder gestures at you.
You suddenly lose the ability to move!
Grinder hits you.
You writhe in agony.
Grinder hits you.
You writhe in agony.
You can move again.
You closely miss Grinder.
Grinder is severely wounded.
Grinder barely misses you.
You barely miss Grinder.
Grinder is severely wounded.
Grinder hits you.
You writhe in agony.
You slash Grinder!
Grinder is almost dead.
Grinder hits you.
You writhe in agony.
You closely miss Grinder.
Grinder is almost dead.
Grinder says, "You look like you could use a good racking."
Grinder gestures at you.
You suddenly lose the ability to move!
The hobgoblin hits you. x2
* * * LOW HITPOINT WARNING * * *
Grinder gestures at you. Pain shoots through your body!
You die...

.# ##.......##
)###.........#
.#..#.......##
........>....#####
....#.......#....#
............)....#
##..#.#.#.#.#....# #
#...............##.#
#.............g@...#
#.....#.......5.####
#.....#...).....#
####g.......#.####
..g....(.....>#
########....#.#
####..... # .......
# ......>.


You could see Grinder and a hobgoblin.

Vanquished Creatures
  Terence (D:2)
  Robin (D:3)
  2 adders (D:2)
  3 worms (D:2)
  10 dart slugs
  An orc (D:3)
  4 endoplasms
  4 giant cockroaches
  16 goblins
  6 hobgoblins
  4 kobolds
  3 quokkas
  6 ball pythons
  8 bats
  5 frilled lizards (D:2)
  3 rats
77 creatures vanquished.

Notes
Turn   | Place    | Note
-------+----------+-------------------------------------------
     0 | D:1      | droid the Human Fighter began the quest for the Orb.
     0 | D:1      | Reached XP level 1. HP: 18/18 MP: 1/1
    87 | D:1      | Reached XP level 2. HP: 14/24 MP: 2/2
   288 | D:1      | Reached XP level 3. HP: 26/29 MP: 3/3
   868 | D:2      | Reached XP level 4. HP: 35/35 MP: 4/4
  1255 | D:2      | Noticed Terence
  1283 | D:2      | Killed Terence
  1509 | D:2      | Reached XP level 5. HP: 42/42 MP: 5/5
  2313 | D:3      | Noticed Robin
  2402 | D:3      | Killed Robin
  2402 | D:3      | Noticed Grinder
  2807 | D:3      | Paralysed by Grinder for 4 turns
  2868 | D:3      | Paralysed by Grinder for 2 turns
  2873 | D:3      | Paralysed by Grinder for 4 turns
  2873 | D:3      | Killed from afar by Grinder

Illustrated notes

Levels and vault maps discovered:
D:1:      dpeg_arrival_windows_large_door, layout_rooms
D:2:      layout_basic, kennysheep_potato, uniq_terence
D:3:      kennysheep_slugbush, layout_basic, serial_shops,
          nicolae_shop_waterfront, hex_large, st_stairs_4, uniq_robin,
          uniq_grinder

Skill      XL: |  1  2  3  4 |
---------------+-------------+-----
Long Blades    | 3 |  3.9
Fighting       | |  3.9
Armour         | |  3.6
Dodging        | |  0.7
Shields        | |  3.3

Action                   |  1- 3 |  4- 6 || total
-------------------------+-------+-------++-------
Melee: Long sword        |   116 |   175 ||   291
  Use: Scroll            |       |     2 ||     2
Armor: Scale mail        |    56 |    16 ||    72
       Chain mail        |       |    83 ||    83
Dodge: Dodged            |    51 |    70 ||   121
Block: Buckler           |    29 |    30 ||    59

Table legend: (Time is in decaauts)
 A = Elapsed time spent in this place.
 B = Non-inter-level travel time spent in this place.
 C = Inter-level travel time spent in this place.
 D = Time resting spent in this place.
 E = Time spent auto-exploring this place.
 F = Levels seen in this place.
 G = Mean time per level.
                   A        B        C        D        E       F      G
               +--------+--------+--------+--------+--------+-----+--------+
         Total |   2963 |   2751 |    212 |    960 |   1137 |   3 |  987.7 |
       Dungeon |   2963 |   2751 |    212 |    960 |   1137 |   3 |  987.7 |
               +--------+--------+--------+--------+--------+-----+--------+

Top non-repeatable levels by time:
     D:2: 2111 daAuts
     D:1: 643 daAuts
     D:3: 209 daAuts
